 Dungeon Crawl Stone Soup version 0.18.1-47-g9310371 (console) character file.

4623 Kloppie the Basher (level 10, 0/135 HPs)
             Began as a Minotaur Berserker on June 21, 2016.
             Was an Elder of Trog.
             Slain by an ogre
             ... wielding a +0 giant club
              (12 damage)
             ... on level 8 of the Dungeon.
             The game lasted 00:12:08 (7675 turns).

Kloppie the Basher (Minotaur Berserker)             Turns: 7675, Time: 00:12:08

Health: 0/135      AC:  8    Str: 27    XL:     10   Next: 19%
Magic:  9/9        EV: 12    Int:  4    God:    Trog [****..]
Gold:   542        SH:  0    Dex: 13    Spells: 0 memorised, 9 levels left

rFire  . . .     SeeInvis .     a - +0 dire flail
rCold  . . .     Gourm    .     L - +0 troll leather armour
rNeg   . . .     Faith    .     (shield currently unavailable)
rPois  +         Spirit   .     (helmet restricted)
rElec  .         Dismiss  .     (no cloak)
rCorr  .         Reflect  .     C - +0 pair of gloves
SustAt .         Harm     .     z - +0 pair of boots
MR     +++..                    (no amulet)
Stlth  ..........               o - ring of protection from magic
                                q - ring of poison resistance

@: berserking, regenerating, very quick, extremely resistant to hostile
enchantments, extremely unstealthy
A: retaliatory headbutt, horns 2
a: Berserk, Trog's Hand, Brothers in Arms, Burn Spellbooks, Renounce Religion


You were on level 8 of the Dungeon.
You worshipped Trog.
Trog was greatly pleased with you.
You were not hungry.

You visited 1 branch of the dungeon, and saw 8 of its levels.
You also visited: Ossuary.

You collected 542 gold pieces.

Inventory:

Hand Weapons
 a - a +0 dire flail (weapon)
 y - a +0 great mace
 E - a +1 mace
Armour
 h - a +1 ring mail
 z - a +0 pair of boots (worn)
 C - a +0 pair of gloves (worn)
 L - a +0 troll leather armour (worn)
Jewellery
 o - a ring of protection from magic (right hand)
 q - a ring of poison resistance (left hand)
Wands
 d - a wand of slowing (22/48)
 n - a wand of flame (48/48)
 G - a wand of polymorph (10/24)
 H - a wand of polymorph (11/24)
 I - a wand of iceblast (10/15)
Scrolls
 e - a scroll of noise
 j - a scroll of enchant armour
 k - 2 scrolls of remove curse
 s - 2 scrolls of teleportation
 B - a scroll of enchant weapon
 J - a scroll of blinking
Potions
 b - a potion of brilliance
 f - 3 potions of curing
 g - 3 potions of haste
 i - a potion of resistance
 m - 2 potions of might
 p - 2 potions of mutation
 r - a potion of ambrosia
 t - a potion of flight
 u - 3 potions of agility {unknown}
 v - 2 potions of cancellation {unknown}
 w - 2 potions of lignification {unknown}
 x - a potion of degeneration {unknown}
 A - 2 potions of heal wounds {unknown}
Comestibles
 c - 4 bread rations
 D - a beef jerky
 F - a royal jelly


   Skills:
 + Level 8.5 Fighting
 - Level 14.0 Maces & Flails
 + Level 8.1 Armour
 - Level 2.1 Dodging


You had 9 spell levels left.
You didn't know any spells.

Dungeon Overview and Level Annotations

Branches:
Dungeon (8/15)             Temple (0/1) D:7
   Lair: D:8-11

Altars:
Ashenzari
Cheibriados
Dithmenos
Elyvilon
Fedhas
Makhleb
Nemelex Xobeh
Okawaru
Pakellas
Trog
Vehumet
Xom
Zin
The Shining One


Innate Abilities, Weirdness & Mutations

You reflexively headbutt those who attack you in melee.
You have a pair of horns on your head.


Message History

The centaur warrior is severely wounded.
The centaur warrior barely misses you. You furiously retaliate!
You headbutt the centaur warrior! You hit the centaur warrior.
The centaur warrior is almost dead.
The adder closely misses you. You furiously retaliate!
You headbutt the adder!
You kill the adder!
Trog accepts your kill.
You can now call in reinforcements.
The orc wizard casts a spell.
The orc wizard flickers and vanishes!
Deactivating autopickup; reactivate with Ctrl-A.
You puncture the centaur warrior!
You kill the centaur warrior!
Trog accepts your kill.
Your Fighting skill increases to level 8!
Your Armour skill increases to level 8!
The centaur wields a runed shortbow.
The centaur shoots an arrow.
The arrow hits you but does no damage. The ogre hits you with a giant club!
You die...

#....(..................
#....###################
#....<#.....†.).........
#...).#.................
#.....#..###############
#.....#..†..........# #.
#####.#.............###.
#.#(##########..##..
#.#@†...5.. #..#...
#.#cO...... #......
#.#..#####. ##....##
#.#{.# #..####. #.#..#
#'##.... #.#..#
##....... #.#..#
#........ #.#...
##........ #.#...
###........#


You could see an ogre, a centaur and a shadow imp.

Vanquished Creatures
  A centaur warrior (D:8)
  2 trolls (D:8)
  A two-headed ogre (D:8)
  A wyvern (D:8)
  2 hippogriffs (D:8)
  A water moccasin (D:8)
  2 black bears (D:7)
  2 sky beasts
  2 necrophages
  An ice beast (D:8)
  A phantom (D:4)
  2 ogres
  3 centaurs
  Blork the orc (D:6)
  A big kobold (D:6)
  2 giant frogs
  A wyvern skeleton (D:8)
  A scorpion (D:4)
  3 howler monkeys
  A wight (D:7)
  A crimson imp (D:7)
  A centaur zombie (D:5)
  5 jellies
  5 orc wizards
  A giant frog skeleton (D:6)
  3 orc priests
  A hound (D:8)
  Jessica (D:3)
  4 worker ants
  3 iguanas
  A hound skeleton (D:5)
  8 mummies (Ossuary)
  Robin (D:3)
  A worker ant zombie (D:8)
  8 gnolls
  12 adders
  A shadow imp (D:5)
  3 oozes
  An adder zombie (D:5)
  2 adder skeletons
  A dart slug (D:1)
  4 giant geckos
  11 orcs
  3 ball pythons
  3 giant cockroaches
  12 goblins
  5 hobgoblins
  2 jackals
  9 kobolds
  6 quokkas
  7 bats
  A giant gecko zombie (D:8)
  2 giant newts (D:1)
  A gnoll zombie (Ossuary)
  A hobgoblin zombie (Ossuary)
  A jackal skeleton (D:4)
  5 kobold zombies (Ossuary)
  An orc zombie (Ossuary)
  A quokka zombie (D:5)
  7 rats
177 creatures vanquished.

Vanquished Creatures (collateral kills)
  2 wights (D:7)
2 creatures vanquished.

Grand Total: 179 creatures vanquished

Notes
Turn   | Place    | Note
--------------------------------------------------------------
     0 | D:1      | Kloppie the Minotaur Berserker began the quest for the Orb.
     0 | D:1      | Reached XP level 1. HP: 19/19 MP: 0/0
   169 | D:1      | Reached skill level 4 in Maces & Flails
   233 | D:1      | Reached XP level 2. HP: 23/26 MP: 1/1
  1084 | D:2      | Reached skill level 5 in Maces & Flails
  1088 | D:2      | Reached XP level 3. HP: 28/31 MP: 2/2
  1143 | D:2      | Reached ** piety under Trog
  1765 | D:3      | Found a snail-covered altar of Cheibriados.
  1766 | D:3      | Found a sparkling altar of Nemelex Xobeh.
  1771 | D:3      | Found a glowing golden altar of the Shining One.
  1772 | D:3      | Found a shattered altar of Ashenzari.
  1774 | D:3      | Found a blossoming altar of Fedhas.
  1777 | D:3      | Found an oddly glowing altar of Pakellas.
  1811 | D:3      | Reached skill level 6 in Maces & Flails
  1811 | D:3      | Reached XP level 4. HP: 34/39 MP: 3/3
  1878 | D:3      | Noticed Robin
  1889 | D:3      | Killed Robin
  2047 | D:3      | Noticed Jessica
  2054 | D:3      | Killed Jessica
  2133 | D:3      | Reached *** piety under Trog
  2140 | D:3      | Reached XP level 5. HP: 44/45 MP: 4/4
  2322 | D:3      | Reached skill level 7 in Maces & Flails
  2536 | D:4      | Found an oddly glowing altar of Pakellas.
  2834 | D:4      | Reached skill level 8 in Maces & Flails
  2880 | D:4      | Reached XP level 6. HP: 46/51 MP: 5/5
  3120 | D:4      | Reached skill level 9 in Maces & Flails
  3142 | D:4      | Found a sand-covered staircase.
  3161 | Ossuary  | Entered an ossuary
  3214 | Ossuary  | Reached XP level 7. HP: 23/57 MP: 6/6
  4029 | D:4      | Got an ancient trident
  4030 | D:4      | Lost intelligence.
  4030 | D:4      | Identified the +3 trident "Nuaphaen" {drain, +Rage Int-4 Dex+10} (You found it on level 4 of the Dungeon)
  4204 | D:5      | Entered Level 5 of the Dungeon
  4257 | D:5      | Reached skill level 10 in Maces & Flails
  4509 | D:5      | Found a shadowy altar of Dithmenos.
  4592 | D:5      | Found an iron altar of Okawaru.
  4712 | D:5      | Reached skill level 11 in Maces & Flails
  5106 | D:6      | Reached XP level 8. HP: 39/64 MP: 7/7
  5218 | D:6      | Found a sparkling altar of Nemelex Xobeh.
  5252 | D:6      | Found a white marble altar of Elyvilon.
  5279 | D:6      | Reached skill level 12 in Maces & Flails
  5320 | D:6      | Noticed Blork the orc
  5329 | D:6      | Killed Blork the orc
  5870 | D:7      | Reached skill level 13 in Maces & Flails
  5999 | D:7      | Found a staircase to the Ecumenical Temple.
  6232 | D:7      | Found a bloodstained altar of Trog.
  6245 | D:7      | Reached XP level 9. HP: 40/70 MP: 8/8
  6535 | D:7      | Reached skill level 14 in Maces & Flails
  6715 | D:8      | Found a burning altar of Makhleb.
  6730 | D:8      | Found a glowing silver altar of Zin.
  6731 | D:8      | Found a radiant altar of Vehumet.
  6930 | D:8      | Reached skill level 5 in Fighting
  7108 | D:8      | Found a shimmering altar of Xom.
  7242 | D:8      | Reached **** piety under Trog
  7247 | D:8      | Reached skill level 5 in Armour
  7283 | D:8      | Noticed a troll
  7302 | D:8      | Killed a troll
  7479 | D:8      | Noticed a cyclops
  7645 | D:8      | Noticed a troll
  7661 | D:8      | Noticed a centaur warrior
  7671 | D:8      | Killed a troll
  7671 | D:8      | Reached XP level 10. HP: 8/88 MP: 9/9
  7674 | D:8      | Killed a centaur warrior
  7675 | D:8      | Slain by an ogre

Skill      XL: |  1  2  3  4  5  6  7  8  9 10 |
---------------+-------------------------------+-----
Maces & Flails | 4 5 6 8 9 11 13 14 | 14.0
Fighting       | 7 8 |  8.5
Armour         | 7 8 |  8.1
Dodging        | |  2.1

Action                   |  1- 3 |  4- 6 |  7- 9 | 10-12 || total
-------------------------+-------+-------+-------+-------++-------
Melee: Mace              |    72 |   132 |   211 |       ||   415
       Headbutt          |     4 |    18 |    61 |     1 ||    84
       Dire flail        |       |       |   104 |     3 ||   107
Invok: Trog's Hand       |       |     4 |     7 |       ||    11
       Berserk           |       |     2 |     3 |       ||     5
  Use: Scroll            |     3 |     7 |    12 |       ||    22
       Potion            |       |       |     2 |       ||     2
 Stab: Sleeping          |       |       |     1 |       ||     1
  Eat: Chunk             |     3 |     3 |    10 |       ||    16
       Meat ration       |       |     1 |     2 |       ||     3
Armor: Animal skin       |     3 |       |       |       ||     3
       Ring mail         |    24 |    40 |    89 |       ||   153
       Troll leather arm |       |       |    13 |     1 ||    14
Dodge: Dodged            |    56 |    83 |   146 |     2 ||   287
